 Dungeon Crawl Stone Soup version 0.29.1-12-g30fa7ad0bf (webtiles) character file.

Game seed: 1370558912546761721

221 wormed the Stinger (level 5, -1/35 HPs)
             Began as a Demonspawn Venom Mage on Dec 28, 2022.
             Splashed by a jelly's acid (10 damage)
             ... in a sewer.
             The game lasted 00:09:01 (4593 turns).

wormed the Stinger (Demonspawn Venom Mage)          Turns: 4593, Time: 00:09:01

Health: -1/35      AC: -5    Str:  8    XL:     5   Next: 65%
Magic:  11/11      EV: 12    Int: 19    God:
Gold:   121        SH:  0    Dex: 13    Spells: 2/12 levels left

rFire   . . .      SeeInvis +   m - +0 dagger
rCold   . . .      Faith    .   (no shield)
rNeg    . . .      Spirit   .   a - +0 robe
rPois   .          Reflect  .   (no helmet)
rElec   .          Harm     .   g - +0 cloak
rCorr   .          Rampage  .   (no gloves)
Will    .....                   (no boots)
Stlth   +.........              (no amulet)
HPRegen 0.11/turn               r - ring of see invisible
MPRegen 0.12/turn               (no ring)

@: corroded, very slightly contaminated, very slow
A: demonic guardian 1, demonic touch 2
a: no special abilities


You were in a sewer.
You visited 1 branch of the dungeon, and saw 4 of its levels.
You also visited: Sewer.

You collected 121 gold pieces.

Inventory:

Hand Weapons
 m - a +0 dagger (weapon)
Armour
 a - a +0 robe (worn)
 g - a +0 cloak (worn)
Jewellery
 r - a ring of see invisible (left hand)
Wands
 s - a wand of paralysis (8)
Scrolls
 c - 2 scrolls of immolation {unknown}
 d - 2 scrolls of poison {unknown}
 f - a scroll of magic mapping {unknown}
 i - 2 scrolls of butterflies {unknown}
 k - 4 scrolls of teleportation {unknown}
 n - 4 scrolls of identify {unknown}
 q - a scroll of torment {unknown}
Potions
 e - a potion of brilliance {unknown}
 h - 2 potions of flight {unknown}
 j - a potion of ambrosia {unknown}
 l - a potion of curing {unknown}
 o - 2 potions of mutation {unknown}
 p - 2 potions of cancellation {unknown}
 t - a potion of haste {unknown}
 u - a potion of resistance {unknown}


   Skills:
 - Level 2.0 Dodging
 - Level 2.0 Stealth
 - Level 4.0 Spellcasting
 - Level 1.0 Transmutations
 + Level 4.9 Poison Magic


You had 2 spell levels left.
You knew the following spells:

 Your Spells              Type           Power      Damage    Failure   Level
a - Sting                 Tmut/Pois      60%        1d6       4%          1
b - Poisonous Vapours     Pois/Air       26%        N/A       8%          2
c - Olgreb's Toxic Radia  Pois           22%        N/A       19%         4
d - Mephitic Cloud        Conj/Pois/Air  10%        N/A       22%         3

Your spell library contained the following spells:

 Spells                   Type           Power      Damage    Failure   Level


Dungeon Overview and Level Annotations

Branches:
Dungeon (4/15)              Sewer (1/1)
 Temple: D:4-7

Altars:

Shops:
D:2 =

Annotations:
D:2 Sigmund


Innate Abilities, Weirdness & Mutations

A weak demonic guardian rushes to your aid.
Your touch may inflict irresistible damage on your foes.


Message History

Press: ? - help, Shift-Dir - straight line, f/p - adder
Aim: an adder (severely wounded, poisoned, 53% to hit)
The sting hits the adder.
The adder looks even sicker.
You kill the adder!
You feel sick. The jelly closely misses you.
Casting: Sting (safe; 4% risk of failure)
Confirm with . or Enter, or press ? or * to list all spells.
Aiming: Sting (safe; 4% risk of failure)
Press: ? - help, Shift-Dir - straight line, f - jelly
Aim: a jelly (100% to hit)
You miscast Sting.
You are very lightly contaminated with residual magic.
Nothing appears to happen.
You feel sick. The jelly closely misses you. The jelly barely misses you.
Casting: Sting (safe; 4% risk of failure)
Confirm with . or Enter, or press ? or * to list all spells.
Aiming: Sting (safe; 4% risk of failure)
Press: ? - help, Shift-Dir - straight line, f/p - jelly
Aim: a jelly (100% to hit)
The sting hits the jelly.
The jelly partially resists.
The jelly is lightly wounded.
You feel sick. The jelly closely misses you. The jelly barely misses you.
Casting: Sting (safe; 4% risk of failure)
Confirm with . or Enter, or press ? or * to list all spells.
Aiming: Sting (safe; 4% risk of failure)
Press: ? - help, Shift-Dir - straight line, f/p - jelly
Aim: a jelly (lightly wounded, 100% to hit)
The sting hits the jelly.
The jelly partially resists.
The jelly is poisoned.
The jelly is lightly wounded.
You feel sick. The jelly closely misses you. The jelly hits you.
The acid corrodes you!
You are splashed with acid!
You enter the shallow water.
Moving in this stuff is going to be slow.
You feel sick. Magic courses through your body.
You feel sick.
You are no longer poisoned.
The jelly hits you.
* * * LOW HITPOINT WARNING * * *
The acid corrodes you!
You are splashed with acid!
You die...

####~~## ##.....#
##...~~~####.~~~~##
####..~.~...##...~###
##...†.~###~~~...~##
#~~...†##.##.~~.~##
#...~.##~~#...##~~.~#
!.~J. #.~##.~~..~..##
.~~. #.~.##~~....~.#
?.. ##∩.~.J@.~.#~~~#
## ##.~.J#~~~##....~#
######..## #~..##
#~~~# #### ~...##
~~..## ~..## J.#


You could see 2 jellies.

Vanquished Creatures
  An orc priest (D:4)
  An orc wizard (D:4)
  7 adders
  2 worms
  5 orcs
  7 ball pythons
  13 endoplasms
  6 giant cockroaches
  6 goblins
  5 hobgoblins
  7 kobolds
  3 quokkas
  7 bats
  6 frilled lizards
  7 rats
83 creatures vanquished.

Vanquished Creatures (collateral kills)
  An adder (D:3)
  An endoplasm (Sewer)
2 creatures vanquished.

Grand Total: 85 creatures vanquished

Notes
Turn   | Place    | Note
-------+----------+-------------------------------------------
     0 | D:1      | wormed the Demonspawn Venom Mage began the quest for the
                  | Orb.
     0 | D:1      | Reached XP level 1. HP: 13/13 MP: 3/3
    64 | D:1      | Reached skill level 1 in Transmutations
   336 | D:1      | Gained mutation: A weak demonic guardian rushes to your
                  | aid. [demonic ancestry]
   336 | D:1      | Reached XP level 2. HP: 19/19 MP: 3/5
   342 | D:1      | Learned a level 2 spell: Poisonous Vapours
   553 | D:1      | Found a faded altar of an unknown god.
  1440 | D:2      | Gained mutation: Your touch may inflict minor irresistible
                  | damage on your foes. [demonic ancestry]
  1440 | D:2      | Reached XP level 3. HP: 18/24 MP: 1/7
  2105 | D:2      | Found Miewycos's Jewellery Shop.
  2390 | D:2      | Noticed Sigmund
  2398 | D:2      | Learned a level 3 spell: Mephitic Cloud
  3032 | D:3      | Reached XP level 4. HP: 27/30 MP: 1/9
  3322 | D:3      | Learned a level 4 spell: Olgreb's Toxic Radiance
  3336 | D:4      | Gained mutation: Your touch may inflict irresistible damage
                  | on your foes. [demonic ancestry]
  3336 | D:4      | Reached XP level 5. HP: 32/35 MP: 0/11
  3579 | D:4      | Found a glowing drain.
  3595 | Sewer    | Entered a sewer
  4593 | Sewer    | Splashed by a jelly's acid

Illustrated notes

Levels and vault maps discovered:
D:1:      dpeg_arrival_rhombi, layout_loops_ring, ebering_ecumenical_altar_box,
          serial_park_tiny_2
D:2:      layout_loops_cross, serial_shops, shop_statue, uniq_sigmund
D:3:      layout_rooms, kennysheep_generic_room_15
D:4:      layout_loops_ring, cheibrodos_sewer_entry_drain
Sewer:    sewer_hellmonk_slimy_pipes

Skill      XL: |  1  2  3  4 |
---------------+-------------+-----
Transmutations | 1 |  1.0
Dodging        | 2 |  2.0
Stealth        | 2 |  2.0
Spellcasting   | 3 4 |  4.0
Poison Magic   | 4 |  4.9

Action                   |  1- 3 |  4- 6 || total
-------------------------+-------+-------++-------
Melee: Unarmed           |    15 |       ||    15
       Dagger            |    12 |    32 ||    44
       Touch             |       |     5 ||     5
 Cast: Sting             |    91 |    45 ||   136
       Poisonous Vapours |    16 |    24 ||    40
       Mephitic Cloud    |     1 |       ||     1
       Olgreb's Toxic Ra |       |     4 ||     4
  Use: Potion            |       |     1 ||     1
Armor: Robe              |    12 |    14 ||    26
Dodge: Dodged            |    50 |    43 ||    93
